AoeStats
← 1847373944

Fortress

508637438Analyzed
4v4 RM · 10d ago on Sep 23, 2026· 58m 52s· 8 players
Game mode
Random Map
Map size
Huge
Population
200
Speed
Normal
Resources
Standard
Victory
Conquest
Starting age
Dark Age
Ending age
Imperial Age
RankedLock teamsTeams togetherTeam positionsShared explorationLock speedFull tech treeHidden civsTurbo modeCheats
Victory
Defeat
🇫🇮 Koreans · Finland
1089
+16
🇨🇱 Khmer · Chile
1087
+16
🇮🇳 Japanese · India
1016
+19
🇮🇳 Spanish · India
964
+20
🇨🇳 Hindustanis · China
1102
-19
🇨🇳 Goths · China
1076
-18
🇧🇩 Portuguese · Bangladesh
1066
-17
🇹🇼 Franks · Taiwan
1052
-17
ImranAOE
7:47 Feudal Age
11:46 Castle Age
9:40 Horse Collar
10:07 Double-Bit Axe
12:00 Fletching
12:37 Bow Saw
12:28 Heavy Plow
12:56 Loom
26:16 Imperial Age
24:57 Wheelbarrow
24:29 Bodkin Arrow
25:38 Ballistics
25:29 Masonry
26:53 Fortified Wall
27:58 Chemistry
27:04 Siege Engineers
27:30 Architecture
28:09 Bracer
29:12 Conscription
29:10 Elite Organ Gun
29:53 Treadmill Crane
36:39 Arquebus
38:16 Bombard Tower
44:02 Thumb Ring
人在阵地在
10:12 Feudal Age
11:29 Double-Bit Axe
11:27 Horse Collar
14:59 Castle Age
14:06 Wheelbarrow
13:32 Gold Mining
13:45 Stone Mining
14:11 Bloodlines
15:35 Scale Barding Armor
15:40 Forging
16:58 Husbandry
28:01 Imperial Age
26:49 Chain Barding Armor
28:29 Iron Casting
28:25 Heavy Plow
28:40 Heavy Camel Rider
30:32 Bow Saw
32:10 Blast Furnace
31:53 Caravan
33:17 Two-Man Saw
33:01 Imperial Camel Rider
34:39 Hand Cart
35:42 Plate Barding Armor
38:06 Chemistry
37:13 Siege Engineers
58:23 Onager
OAO
8:21 Feudal Age
8:16 Loom
10:05 Double-Bit Axe
12:26 Castle Age
12:03 Gold Mining
13:24 Bow Saw
14:09 Fletching
14:23 Padded Archer Armor
17:18 Bodkin Arrow
21:03 Husbandry
25:13 Wheelbarrow
25:46 Caravan
26:20 Ordonnance Companies
29:53 Imperial Age
28:45 Gold Shaft Mining
29:00 Ballistics
28:37 Murder Holes
28:32 Town Watch
29:02 Hand Cart
29:58 Masonry
30:00 Fortified Wall
32:08 Cranequins
32:41 Heavy Mounted Crossbowman
33:57 Leather Archer Armor
34:59 Chemistry
34:45 Conscription
35:55 Light Cavalry
36:42 Scale Barding Armor
36:48 Forging
41:43 Cavalier
47:21 Chain Barding Armor
47:36 Iron Casting
46:55 Paladin
48:17 Chivalry
50:34 Plate Barding Armor
51:00 Blast Furnace
1847373944
1:17 Loom
8:01 Feudal Age
13:27 Castle Age
11:35 Double-Bit Axe
11:45 Gold Mining
11:40 Man-at-Arms
13:13 Horse Collar
20:36 Bow Saw
20:10 Horse Collar
22:12 Heavy Plow
22:51 Wheelbarrow
28:26 Imperial Age
26:07 Squires
26:13 Scale Mail Armor
26:12 Pikeman
27:37 Chain Mail Armor
27:32 Forging
29:23 Iron Casting
28:39 Fletching
29:47 Conscription
29:38 Halberdier
31:18 Crop Rotation
33:21 Blast Furnace
35:05 Bodkin Arrow
39:01 Anarchy
39:19 Elite Huskarl
41:19 Hand Cart
syedatun
7:38 Feudal Age
9:36 Double-Bit Axe
12:01 Castle Age
14:32 Bow Saw
14:05 Horse Collar
15:36 Heavy Plow
19:04 Wheelbarrow
21:58 Murder Holes
23:12 Hand Cart
22:43 Town Watch
22:44 Loom
24:06 Town Patrol
28:00 Imperial Age
26:24 Caravan
28:22 Ballistics
31:31 Conscription
30:37 Elite Conquistador
34:08 Forging
35:43 Two-Man Saw
37:41 Pikeman
39:28 Iron Casting
38:53 Scale Mail Armor
38:59 Scale Barding Armor
38:46 Fletching
38:56 Padded Archer Armor
41:41 Blast Furnace
40:56 Chain Mail Armor
41:01 Chain Barding Armor
40:38 Bodkin Arrow
44:37 Halberdier
45:18 Squires
45:04 Gambesons
51:48 Plate Mail Armor
51:53 Plate Barding Armor
51:59 Bloodlines
51:10 Light Cavalry
57:38 Man-at-Arms
SgtNinja
8:50 Feudal Age
12:47 Castle Age
15:53 Town Watch
16:45 Wheelbarrow
15:58 Double-Bit Axe
15:55 Horse Collar
22:16 Imperial Age
21:27 Scale Mail Armor
21:37 Forging
22:34 Squires
24:38 Chain Mail Armor
24:34 Town Watch
26:27 Plate Mail Armor
26:32 Iron Casting
26:30 Elite Samurai
35:59 Blast Furnace
35:22 Conscription
36:50 Chemistry
37:12 Capped Ram
42:22 Caravan
Lakupiippu
7:40 Feudal Age
11:44 Castle Age
9:59 Double-Bit Axe
10:15 Horse Collar
11:48 Loom
13:35 Bow Saw
18:46 Wheelbarrow
18:22 Heavy Plow
21:41 Fletching
23:33 Hand Cart
23:15 Treadmill Crane
23:37 Bodkin Arrow
25:03 Ballistics
27:43 Imperial Age
26:22 Scale Barding Armor
26:28 Forging
26:30 Husbandry
26:52 Murder Holes
27:09 Masonry
27:13 Fortified Wall
26:39 Light Cavalry
28:09 Chain Barding Armor
27:55 Gold Mining
27:58 Stone Mining
28:52 Conscription
29:44 Chemistry
28:47 Bracer
29:42 Iron Casting
29:44 Elite War Wagon
34:43 Gold Shaft Mining
34:58 Hussar
40:40 Caravan
herbivor0
7:15 Feudal Age
11:21 Castle Age
10:06 Gold Mining
10:05 Double-Bit Axe
10:17 Horse Collar
17:04 Loom
18:11 Bow Saw
19:45 Heavy Plow
21:29 Wheelbarrow
20:44 Town Watch
23:08 Gold Shaft Mining
23:47 Hand Cart
23:32 Town Patrol
24:11 Bloodlines
24:38 Husbandry
24:35 Stone Mining
25:45 Ballistics
30:06 Imperial Age
30:38 Stone Shaft Mining
30:28 Fletching
30:38 Padded Archer Armor
30:08 Elite Ballista Elephant
31:10 Conscription
30:53 Double Crossbow
32:33 Crop Rotation
35:24 Chemistry
43:45 Caravan
44:15 Coinage
46:57 Siege Engineers
47:02 Masonry
47:30 Hoardings
48:04 Banking
49:40 Murder Holes
50:16 Architecture
50:07 Leather Archer Armor
49:47 Bodkin Arrow
55:44 Bracer
Connection lost

Rejoining the realm…

Still unreachable

The connection could not be restored.

Session expired

The server has moved on; the page needs a fresh start.